 Dungeon Crawl Stone Soup version 0.31.0-32-g396128a36d (webtiles) character file.

Game seed: 13634142092836830518

172 melchizedek the Ruffian (level 5, 0/33 HPs)
             Began as an Octopode Shapeshifter on Apr 17, 2024.
             Slain by an adder (1 damage)
             ... on level 5 of the Dungeon.
             The game lasted 00:06:45 (3015 turns).

melchizedek the Ruffian (Octopode Shapeshifter)     Turns: 3015, Time: 00:06:46

Health: 0/33       AC:  1    Str: 21    XL:     5   Next: 53%
Magic:  0/5        EV: 13    Int: 12    God:
Gold:   112        SH:  0    Dex: 12    Spells: 4/5 levels left

rFire   . .          .
                       - Unarmed
rCold   . . .        (no shield)
rNeg    . . .        (helmet currently unavailable)
rPois   .            l - amulet of guardian spirit
rElec   .            f - +6 ring of strength
rCorr   .            (no ring)
SInv    .            (no ring)
Will    .....        (no ring)
Stlth   +++          (no ring)
HPRegen 0.25/turn    (no ring)
MPRegen 0.09/turn    (no ring)
                     (no ring)

%: guardian spirit
@: about to teleport, beast-form
A: beast (slay +2), almost no armour, amphibious, 8 rings, camouflage 1,
gelatinous body 1, (nimble swimmer 1), tentacles
a: Begin Untransformation


You were on level 5 of the Dungeon.
You were a hulking beast.
You visited 1 branch of the dungeon, and saw 5 of its levels.

You collected 112 gold pieces.

Inventory:

Missiles
 i - 7 poisoned darts
 p - 2 boomerangs
Jewellery
 f - a +6 ring of strength (left tentacle)
 l - an amulet of guardian spirit (around mantle)
Talismans
 b - a beast talisman
 c - a flux talisman
Scrolls
 g - a scroll of brand weapon
 j - a scroll of butterflies
 m - 4 scrolls of vulnerability
 n - a scroll of silence
 o - a scroll of enchant weapon
 r - a scroll of amnesia
Potions
 a - a potion of lignification
 d - 2 potions of cancellation
 h - a potion of invisibility
 k - a potion of degeneration
 q - a potion of haste


   Skills:
 + Level 1.1 Fighting
 + Level 3.0 Dodging
 + Level 1.2 Stealth
 + Level 4.5 Unarmed Combat
 + Level 0.6 Spellcasting
 + Level 1.0 Necromancy
 + Level 3.6 Shapeshifting


You had 4 spell levels left.
You knew the following spells:

 Your Spells              Type           Power      Damage    Failure   Level
a - Necrotise             Necr           8%         1d4       21%         1

Your spell library contained the following spells:

 Spells                   Type           Power      Damage    Failure   Level
 Freeze                   Ice            0%         1d3       32%         1
 Vampiric Draining        Necr           2%         2d6       52%         3
 Frozen Ramparts          Ice            0%         1d1       67%         3
 Hailstorm                Conj/Ice       0%         3d5       67%         3
 Martyr's Knell           Necr/Summ      1%         N/A       94%         4
 Curse of Agony           Necr           2%         N/A       99%         5


Dungeon Overview and Level Annotations

Branches:
Dungeon (5/15)             Temple (0/1) D:5

Altars:

Shops:
D:2 [

Annotations:
D:2 1 runed translucent door, Crazy Yiuf
D:3 1 runed translucent door, LukeNinja's ghost, amateur DEFE


Innate Abilities, Weirdness & Mutations

You are a hulking beast.
Your limbs bulge with bestial killing power. (Slay +2)
You cannot wear most types of armour.
You are amphibious.
You can wear up to eight rings at the same time.
Your skin changes colour to match your surroundings (Stealth+).
Your rubbery body absorbs attacks. (AC +1, EV +1)
((You are camouflaged when in or above water. (Stealth+)))
You have tentacles for arms and can constrict up to eight enemies at once.


Message History

o - a scroll of enchant weapon You feel sick.
The adder misses you.
As you read the scroll of identify, it crumbles to dust.
k - a potion of degeneration You feel sick.
The adder barely misses you.
As you read the scroll of identify, it crumbles to dust.
q - a potion of haste You feel sick.
The adder barely misses you. The adder bites you but does no damage.
As you read the scroll of identify, it crumbles to dust.
r - a scroll of amnesia You feel sick.
The adder bites you.
As you read the scroll labelled KYIROA QAFEI, it crumbles to dust.
You feel aware of your surroundings.
It was a scroll of revelation.
You feel sick. The adder barely misses you.
You feel sick.
You are no longer poisoned.
The adder attacks as it pursues you! The adder bites you.
You are poisoned.
The adder poisons you!
You feel sick. The adder closely misses you.
You feel sick. The adder attacks as it pursues you! The adder bites you.
You feel sick.
As you read the scroll labelled MEUSTADAUV, it crumbles to dust.
You hear a loud clanging noise!
It was a scroll of noise.
You feel sick.
You hear a bark!
You hear a shout! x2; You hear a bark!
The adder bites you.
* * * LOW HITPOINT WARNING * * *
As you read the scroll labelled WIHOAV LE SIPT, it crumbles to dust.
You feel strangely unstable.
It was a scroll of teleportation.
You feel sick. The adder misses you. The adder bites you.
* * * LOW HITPOINT WARNING * * *
* * * LOW HITPOINT WARNING * * *
You feel sick.
* * * LOW HITPOINT WARNING * * *
You feel sick.
You are no longer poisoned.
The adder attacks as it pursues you! The adder bites you.
You die...

,,,,,,,,,,**,*,,,,,,*
5...,,,,,..#.#......#
...,,,,,,....#......#
..,,,,,,,,..........#
.##**,,,,,,.........#
..####.....##.......#
........h...........####
.####.......##......####
..........(..#..h...####
..............##S#######
....(..........#.#######
..........######O#######
[.......########.#######
###.....########.#######
####....######.#######
###..######.#######
##........#######


You could see an ogre and an adder.

Vanquished Creatures
  Terence (D:2)
  An orc wizard (D:4)
  Robin (D:3)
  2 adders
  2 dart slugs
  3 ribbon worms
  3 orcs
  4 ball pythons
  5 bats
  9 endoplasms
  2 giant cockroaches
  15 goblins
  8 hobgoblins
  7 jackals
  4 kobolds
  A quokka (D:3)
  3 frilled lizards
  2 rats
73 creatures vanquished.

Notes
Turn   | Place    | Note
-------+----------+-------------------------------------------
     0 | D:1      | melchizedek the Octopode Shapeshifter began the quest for
                  | the Orb.
     0 | D:1      | Reached XP level 1. HP: 13/13 MP: 1/1
   122 | D:1      | Reached XP level 2. HP: 18/18 MP: 2/2
   312 | D:1      | You fall into a shaft and drop 1 floor!
   371 | D:2      | Found a runed translucent door.
   372 | D:2      | Noticed Crazy Yiuf
   528 | D:1      | Reached XP level 3. HP: 14/23 MP: 3/3
   882 | D:2      | Learned a level 1 spell: Necrotise
  1154 | D:2      | Found Nionilen's Armour Shop.
  1411 | D:2      | Noticed Terence
  1417 | D:2      | Killed Terence
  1418 | D:2      | Reached XP level 4. HP: 16/28 MP: 2/4
  1557 | D:3      | Noticed Robin
  1563 | D:2      | Reached skill level 4 in Unarmed Combat
  1777 | D:3      | Killed Robin
  1945 | D:3      | Reached XP level 5. HP: 16/33 MP: 0/5
  2605 | D:3      | Reached skill level 1 in Stealth
  2786 | D:3      | Found a runed translucent door.
  2786 | D:3      | Noticed LukeNinja's ghost (amateur DEFE)
  2809 | D:4      | Reached skill level 1 in Necromancy
  2879 | D:5      | Entered Level 5 of the Dungeon
  2973 | D:5      | Found a staircase to the Ecumenical Temple.
  2975 | D:5      | Noticed an ogre
  3015 | D:5      | HP: 1/33 [poisoned by an adder]
  3015 | D:5      | Slain by an adder

Illustrated notes

Levels and vault maps discovered:
D:1:      minmay_arrival_plants_in_alcoves, layout_rooms, minmay_misc_feat_room,
          chequers_serial_rivers_micro_b, hangedman_decor_points,
          corexii_corridor_pit, roderic_roman_lattice
D:2:      layout_basic, serial_shops, nicolae_shop_hallway_plus,
          minmay_indecisive_spiral, uniq_terence, uniq_crazy_yiuf_cottage
D:3:      layout_basic, ebering_ghost_inner_flame, st_stairs_1, uniq_robin
D:4:      layout_basic
D:5:      layout_rooms, minmay_temple_entry_overgrown

Skill      XL: |  1  2  3  4  5 |
---------------+----------------+-----
Unarmed Combat | 4 |  4.5
Stealth        | 1 |  1.2
Necromancy     | 1 |  1.0
Dodging        | 3 |  3.0
Fighting       | |  1.1
Spellcasting   | |  0.6
Shapeshifting  | |  3.6

Action                     |  1- 3 |  4- 6 || total
---------------------------+-------+-------++-------
  Melee: Unarmed           |    63 |    79 ||   142
         Tentacles         |    14 |    13 ||    27
         Constrict         |    16 |    17 ||    33
         Punch             |     2 |     4 ||     6
   Cast: Necrotise         |     5 |     3 ||     8
    Use: Potion            |       |     4 ||     4
         Scroll            |       |    11 ||    11
   Stab: Sleeping          |     3 |     2 ||     5
 Armour: Skin              |    21 |    67 ||    88
  Dodge: Dodged            |    43 |    68 ||   111
